 Dungeon Crawl Stone Soup version 0.19.3-4-gbf9329e (webtiles) character file.

2156 Jerry the Ducker (level 8, -1/60 HPs)
             Began as a Demigod Gladiator on Jan 27, 2017.
             Succumbed to a water moccasin's poison
             ... on level 7 of the Dungeon.
             The game lasted 00:14:40 (6518 turns).

Jerry the Ducker (Demigod Gladiator)                Turns: 6518, Time: 00:14:41

Health: -1/60      AC: 14    Str: 22    XL:     8   Next: 84%
Magic:  10/10      EV: 12    Int: 12    God:
Gold:   293        SH:  0    Dex: 20    Spells: 0 memorised, 7 levels left

rFire  . . .     SeeInvis .     a - +1 long sword
rCold  . . .     Gourm    .     r - +0 chain mail
rNeg   . . .     Faith    .     (no shield)
rPois  .         Spirit   .     c - +0 helmet
rElec  .         Reflect  .     b - +0 cloak
rCorr  +         Harm     .     (no gloves)
MR     .....                    z - +0 pair of boots
Stlth  ..........               (no amulet)
                                w - +4 ring of strength
                                d - ring of resist corrosion

@: lethally poisoned (-1 -> -13)
A: high mp 1
a: no special abilities


You were on level 7 of the Dungeon.
You were hungry.

You visited 1 branch of the dungeon, and saw 7 of its levels.

You collected 293 gold pieces.

Inventory:

Hand Weapons
 a - a +1 long sword (weapon)
Missiles
 y - 4 javelins (quivered)
Armour
 b - a +0 cloak (worn)
 c - a +0 helmet (worn)
 r - a +0 chain mail (worn)
 z - a +0 pair of boots (worn)
Jewellery
 d - a ring of resist corrosion (left hand)
 h - an uncursed ring of positive energy
 w - a +4 ring of strength (right hand)
Scrolls
 e - 2 scrolls of identify
 i - a scroll of recharging {unknown}
 l - 6 scrolls of teleportation {unknown}
 t - a scroll of blinking
Potions
 k - a potion of cure mutation {unknown}
 n - a potion of magic
 q - 3 potions of resistance
 u - a potion of brilliance
 v - 2 potions of heal wounds
 A - a potion of flight
Comestibles
 f - 7 bread rations
 g - a beef jerky
 m - 4 meat rations


   Skills:
 - Level 1.7 Fighting
 + Level 6.9 Long Blades
 - Level 1.7 Throwing
 + Level 6.1 Armour
 + Level 7.0 Dodging


You had 7 spell levels left.
You didn't know any spells.

Dungeon Overview and Level Annotations

Branches:
Dungeon (7/15)             Temple (0/1) D:6


Innate Abilities, Weirdness & Mutations

You have an increased reservoir of magic. (+10% MP)


Message History

You feel sick.
The water moccasin bites you but does no damage.
The water moccasin barely misses you.
You hit the water moccasin.
You kill the water moccasin!
Your Dodging skill increases to level 7!
* * * LOW HITPOINT WARNING * * *
You feel sick.
The orc wizard gestures at you while chanting.
You easily resist.
The ice beast closely misses you.
You riposte.
You slash the ice beast!
The ice beast is moderately wounded.
* * * LOW HITPOINT WARNING * * *
You feel sick.
Found a blackened copper amulet.
Found a stone staircase leading down.
* * * LOW HITPOINT WARNING * * *
You feel sick.
The orc wizard gestures at you while chanting.
The magic dart hits you!
You die...

#.......#. #############
#......##.
.........#...##......#..
..."....>#...........#..
.........#...........#..
.........#...........#..
.........#...........#..
.........#...........#..
.......@.#...........#.<
.........######.##...#..
##+##..Y...#.##o########
#......#...........#
+.....o#...........#
#......o...........#
#......#...........#
#......#...........#
#......#...........#


You could see an ice beast, an orc wizard and an orc.

Vanquished Creatures
  Pikel (D:6)
  Sigmund (D:5)
  A human (D:5)
  Menkaure (D:6)
  A water moccasin (D:7)
  A phantom (D:6)
  A slave (D:6)
  A centaur (D:6)
  An ogre (D:5)
  A bullfrog (D:6)
  Blork the orc (D:4)
  2 howler monkeys (D:6)
  4 crimson imps
  A bullfrog zombie (D:5)
  A hound (D:7)
  A centaur skeleton (D:6)
  2 orc wizards
  A bullfrog skeleton (D:4)
  2 orc priests
  Crazy Yiuf (D:5)
  An iguana (D:7)
  A human skeleton (D:5)
  2 worker ants
  3 gnolls (D:2)
  12 adders
  A shadow imp (D:6)
  An ooze (D:1)
  An adder skeleton (D:7)
  2 worms
  3 dart slugs
  A leopard gecko (D:2)
  6 orcs
  4 giant cockroaches
  4 goblins
  9 hobgoblins
  12 jackals
  2 quokkas
  7 bats
  6 frilled lizards
  13 kobolds
  12 rats
129 creatures vanquished.

Notes
Turn   | Place    | Note
-------+----------+-------------------------------------------
     0 | D:1      | Jerry the Demigod Gladiator began the quest for the Orb.
     0 | D:1      | Reached XP level 1. HP: 17/17 MP: 3/3
   325 | D:1      | Reached XP level 2. HP: 24/24 MP: 4/4
   467 | D:1      | Reached skill level 3 in Dodging
   718 | D:1      | Reached XP level 3. HP: 26/29 MP: 5/5
   815 | D:1      | Reached skill level 1 in Armour
  1186 | D:2      | Found a stormy altar of Qazlal.
  1880 | D:2      | Reached XP level 4. HP: 27/36 MP: 6/6
  3024 | D:3      | Reached XP level 5. HP: 35/41 MP: 7/7
  3642 | D:4      | Reached skill level 4 in Dodging
  3988 | D:4      | Reached XP level 6. HP: 48/48 MP: 8/8
  4017 | D:4      | Noticed Blork the orc
  4031 | D:4      | Killed Blork the orc
  4310 | D:5      | Entered Level 5 of the Dungeon
  4364 | D:5      | Found a runed door.
  4421 | D:5      | Found a runed door.
  4421 | D:5      | Noticed a human
  4434 | D:5      | Found a basalt altar of Yredelemnul.
  4490 | D:5      | Reached skill level 5 in Long Blades
  4512 | D:5      | Reached XP level 7. HP: 14/53 MP: 9/9
  4791 | D:5      | Found a sparkling altar of Nemelex Xobeh.
  4791 | D:5      | Noticed Sigmund
  4810 | D:5      | Killed Sigmund
  4810 | D:5      | Reached skill level 5 in Dodging
  5188 | D:5      | Noticed Crazy Yiuf
  5192 | D:5      | Killed Crazy Yiuf
  5266 | D:5      | Killed a human
  5335 | D:6      | Noticed Menkaure
  5343 | D:6      | Killed Menkaure
  5616 | D:6      | Reached XP level 8. HP: 60/60 MP: 10/10
  5638 | D:6      | Reached skill level 6 in Dodging
  5794 | D:6      | Reached skill level 5 in Armour
  5850 | D:6      | Noticed Pikel
  5862 | D:6      | Killed Pikel
  6248 | D:6      | Found a staircase to the Ecumenical Temple.
  6515 | D:7      | Reached skill level 7 in Dodging
  6515 | D:7      | HP: 3/60 [poisoned by a water moccasin]
  6516 | D:7      | HP: 1/60 [poisoned by a water moccasin]
  6518 | D:7      | Succumbed to a water moccasin's poison

Skill      XL: |  1  2  3  4  5  6  7  8 |
---------------+-------------------------+-----
Long Blades    | 3 4 5 6 |  6.9
Dodging        | 3 4 5 7 |  7.0
Armour         | 1 2 3 4 6 |  6.1
Fighting       | |  1.7
Throwing       | |  1.7

Action                   |  1- 3 |  4- 6 |  7- 9 || total
-------------------------+-------+-------+-------++-------
Melee: Long sword        |   126 |   245 |   151 ||   522
Throw: Throwing net      |       |     5 |     1 ||     6
       Javelin           |       |     3 |       ||     3
  Use: Scroll            |       |       |    14 ||    14
       Potion            |       |       |     4 ||     4
 Stab: Sleeping          |     2 |     1 |       ||     3
       Distracted        |       |       |     1 ||     1
       Held in net/web   |       |       |     1 ||     1
  Eat: Chunk             |     3 |     8 |     7 ||    18
Armor: Leather armour    |    39 |     6 |       ||    45
       Chain mail        |       |   144 |    81 ||   225
       Skin              |       |       |     5 ||     5
Dodge: Dodged            |    95 |   147 |    91 ||   333
       Rpst.: Long sword |    29 |    48 |    22 ||    99
